 Dungeon Crawl Stone Soup version 0.19.0-2-gae57169 (webtiles) character file.

907 Ladykiller69 the Chopper (level 8, -12/60 HPs)
             Began as a Formicid Fighter on Nov 4, 2016.
             Mangled by an ogre
             ... wielding a +0 giant club
              (13 damage)
             ... on level 5 of the Dungeon.
             The game lasted 00:10:07 (4810 turns).

Ladykiller69 the Chopper (Formicid Fighter)         Turns: 4810, Time: 00:10:07

Health: -12/60     AC:  6    Str: 23    XL:     8   Next: 29%
Magic:  8/8        EV:  9    Int:  8    God:
Gold:   286        SH: 11    Dex: 10    Spells: 0 memorised, 7 levels left

rFire  . . .     SeeInvis +     a - +0 war axe
rCold  . . .     Gourm    .     G - -2 ring mail (curse)
rNeg   . . .     Faith    .     c - +0 shield
rPois  .         Spirit   .     (helmet unavailable)
rElec  .         Reflect  .     g - +0 cloak
rCorr  .         Harm     .     (no gloves)
MR     .....                    B - +0 pair of boots
Stlth  ..........               (no amulet)
                                (no ring)
                                (no ring)

@: no status effects
A: permanent stasis, dig shafts and tunnels, four strong arms, antennae 3
a: Dig, Shaft Self


You were on level 5 of the Dungeon.
You were not hungry.

You visited 1 branch of the dungeon, and saw 6 of its levels.

You collected 286 gold pieces.

Inventory:

Hand Weapons
 a - a +0 war axe (weapon)
Missiles
 i - 193 stones (quivered)
 u - a throwing net
 A - 5 tomahawks
Armour
 b - a +0 scale mail
 c - a +0 shield (worn)
 g - a +0 cloak (worn)
 B - a +0 pair of boots (worn)
 C - a +0 large shield
 G - a cursed -2 ring mail (worn)
Jewellery
 k - an uncursed ring of positive energy {unknown}
 l - an uncursed amulet of rage {unknown}
 z - an uncursed ring of wizardry {unknown}
 J - an uncursed ring of protection from magic {unknown}
Wands
 I - a wand of teleportation (4/9)
Scrolls
 m - 2 scrolls of magic mapping {unknown}
 n - 2 scrolls of teleportation {unknown}
 p - 4 scrolls of remove curse {unknown}
 q - 2 scrolls of recharging {unknown}
 s - 3 scrolls of random uselessness {unknown}
 v - 2 scrolls of blinking {unknown}
 w - 2 scrolls of identify {unknown}
 y - 2 scrolls of amnesia {unknown}
 E - a scroll of fear {unknown}
Potions
 d - a potion of might
 e - 4 potions of curing {unknown}
 h - 3 potions of heal wounds {unknown}
 r - a potion of haste {unknown}
 t - a potion of agility {unknown}
 x - a potion of lignification {unknown}
 D - a potion of degeneration {unknown}
 F - a potion of magic {unknown}
Comestibles
 f - 3 bread rations
 j - 7 meat rations
 o - a slice of pizza
 H - 2 fruits
 K - 4 chunks of flesh


   Skills:
 - Level 4.0 Fighting
 * Level 7.0 Axes
 - Level 4.0 Armour
 + Level 7.0 Shields


You had 7 spell levels left.
You didn't know any spells.

Dungeon Overview and Level Annotations

Branches:
Dungeon (6/15)
 Temple: D:4-7

Altars:
Sif Muna
Trog

Annotations:
D:4 dvd's ghost, amateur OpVM


Innate Abilities, Weirdness & Mutations

You are under a permanent stasis effect.
You can dig through walls and to a lower floor.
Your four strong arms can wield two-handed weapons with a shield.
You have a pair of large antennae on your head. (SInv)


Message History

You hit the ogre.
The ogre is lightly wounded.
You block the ogre's attack.
You slash the ogre!
The ogre is heavily wounded.
The ogre hits you with a giant club!!
* * * LOW HITPOINT WARNING * * *
You barely miss the ogre.
The ogre is heavily wounded.
The ogre hits you with a giant club.
* * * LOW HITPOINT WARNING * * *
Your shield prevents you from hitting the ogre.
The ogre is heavily wounded.
The ogre hits you with a giant club.
* * * LOW HITPOINT WARNING * * *
Okay, then.
You barely miss the ogre.
The ogre is heavily wounded.
The ogre hits you with a giant club!
You die...

################################
...............O@............>>#
############.####........#####.#
#.# #........# #.##
####.####........# #...
#...O..##....<...# ####
#.<....##........########
#......##................
#......##.###############
####'####<...............


You could see an ogre.

Vanquished Creatures
  Menkaure (D:5)
  A sky beast (D:5)
  An ice beast (D:5)
  An ogre (D:6)
  A big kobold (D:4)
  A crimson imp (D:5)
  A hound (D:5)
  A centaur skeleton (D:5)
  An iguana (D:4)
  Natasha (thrice) (D:3)
  2 worker ants (D:4)
  Robin (D:3)
  6 adders
  3 oozes
  2 worms
  9 dart slugs
  5 leopard geckos
  14 orcs
  7 bats
  A giant cockroach (D:3)
  10 goblins
  9 hobgoblins
  7 jackals
  2 quokkas
  2 ball pythons
  2 frilled lizards
  4 kobolds
  A leopard gecko zombie (D:4)
  A quokka zombie (D:5)
  8 rats
108 creatures vanquished.

Vanquished Creatures (others)
  A plant (D:3)
1 creature vanquished.

Grand Total: 109 creatures vanquished

Notes
Turn   | Place    | Note
-------+----------+-------------------------------------------
     0 | D:1      | Ladykiller69 the Formicid Fighter began the quest for the Orb.
     0 | D:1      | Reached XP level 1. HP: 18/18 MP: 1/1
   170 | D:1      | Reached XP level 2. HP: 22/24 MP: 2/2
   432 | D:1      | Reached XP level 3. HP: 22/29 MP: 3/3
  1703 | D:2      | Reached XP level 4. HP: 31/35 MP: 4/4
  1762 | D:2      | Found a bloodstained altar of Trog.
  2052 | D:3      | Noticed Robin
  2092 | D:3      | Killed Robin
  2092 | D:3      | Reached XP level 5. HP: 20/42 MP: 5/5
  2370 | D:3      | Found a deep blue altar of Sif Muna.
  2435 | D:3      | Noticed Natasha
  2446 | D:3      | Killed Natasha
  2670 | D:3      | Noticed Natasha
  2674 | D:3      | Killed Natasha
  2674 | D:3      | Reached skill level 5 in Shields
  2689 | D:3      | Reached XP level 6. HP: 38/48 MP: 6/6
  2934 | D:4      | Noticed dvd's ghost (amateur OpVM)
  2961 | D:3      | Noticed Natasha
  2968 | D:3      | Killed Natasha
  3034 | D:4      | Reached skill level 5 in Axes
  3409 | D:4      | Reached XP level 7. HP: 54/54 MP: 7/7
  3870 | D:5      | Entered Level 5 of the Dungeon
  3892 | D:5      | Noticed Menkaure
  3905 | D:5      | Killed Menkaure
  4388 | D:5      | Reached XP level 8. HP: 19/60 MP: 8/8
  4809 | D:5      | HP: 1/60 [ogre/giant club (6)]
  4810 | D:5      | Mangled by an ogre

Skill      XL: |  1  2  3  4  5  6  7  8 |
---------------+-------------------------+-----
Shields        | 4 5 6 7 |  7.0
Axes           | 3 5 6 7 |  7.0
Fighting       | 4 |  4.0
Armour         | 4 |  4.0

Action                   |  1- 3 |  4- 6 |  7- 9 || total
-------------------------+-------+-------+-------++-------
Melee: War axe           |    98 |   182 |    97 ||   377
 Abil: Dig               |       |     5 |     2 ||     7
  Eat: Chunk             |     2 |     6 |     2 ||    10
       Beef jerky        |       |       |     1 ||     1
       Bread ration      |       |       |     1 ||     1
Armor: Scale mail        |    31 |    59 |       ||    90
       Ring mail         |       |       |    28 ||    28
Dodge: Dodged            |    31 |    49 |    25 ||   105
Block: Shield            |    54 |    92 |    40 ||   186
